 Dungeon Sprint DCSS version 0.28-a0-1435-g82390b3a13 (webtiles) character file.

Game seed: 2712237023040638507

21577 mhtbhm the Executioner (level 12, -6/205 HPs)
             Began as a Minotaur Berserker on Jan 9, 2022.
             Was the Champion of Trog.
             Mangled by a frost giant (16 damage)
             ... in the Dungeon (Sprint VII: "The Pits").
             The game lasted 00:08:27 (3613 turns).

mhtbhm the Executioner (Minotaur Berserker)         Turns: 3613, Time: 00:08:27

Health: -6/205     AC: 18    Str: 27    XL:     12   Next: 55%
Magic:  11/11      EV: 15    Int:  4    God:    Trog [******]
Gold:   0          SH:  0    Dex: 10    Spells: 11/11 levels left

rFire   . . .      SeeInvis .   a - +5 executioner's axe of Minotaur's Death {vorpal, *Noise Fly rElec rCorr}
rCold   + . .      Faith    .   (shield currently unavailable)
rNeg    . . .      Spirit   .   b - +5 ring mail {rC+}
rPois   +          Reflect  .   (helmet restricted)
rElec   +          Harm     .   (no cloak)
rCorr   +          Rampage  .   (no gloves)
Will    .....      NoTele   +   p - +0 pair of boots
Stlth   ..........              (no amulet)
HPRegen 0.44/turn               k - +3 ring of protection
MPRegen 0.12/turn               y - ring of poison resistance

@: berserking (expiring), flying, very quick
A: horns 2, retaliatory headbutt
a: Renounce Religion, Berserk, Trog's Hand, Brothers in Arms


You were in the Dungeon.
You worshipped Trog.
Trog was exalted by your worship.
You visited 1 branch

Inventory:

Hand Weapons
 a - the +5 executioner's axe of Minotaur's Death (weapon) {vorpal, *Noise Fly rElec rCorr}
   (Trog gifted it to you in the Dungeon)

   It inflicts extra damage upon your enemies.
   rElec:     It insulates you from electricity.
   Fly:       It grants you flight.
   *Noise:    It may make noises in combat.
   rCorr:     It protects you from acid and corrosion.
 r - a +5 battleaxe of flaming
Missiles
 q - 10 poisoned darts (quivered)
Armour
 b - a +5 ring mail of cold resistance (worn)
 p - a +0 pair of boots (worn)
Jewellery
 k - a +3 ring of protection (left hand)
 t - a ring of see invisible
 x - a ring of protection from fire
 y - a ring of poison resistance (right hand)
 z - a ring of ice
Wands
 h - a wand of polymorph (9)
Scrolls
 j - a scroll of summoning
 s - 5 scrolls of identify
 u - a scroll of blinking
 v - 4 scrolls of fog
 w - 2 scrolls of enchant weapon
Potions
 c - 8 potions of curing
 d - 7 potions of heal wounds
 e - 4 potions of haste
 f - 4 potions of magic
 g - 3 potions of berserk rage
 i - 2 potions of invisibility
 m - 4 potions of might
 n - a potion of resistance
 o - 2 potions of mutation


   Skills:
 + Level 21.6 Fighting
 + Level 25.1 Axes
 + Level 15.2 Armour
 + Level 11.9 Dodging
 + Level 3.9 Stealth


You had 11 spell levels left.
You didn't know any spells.
Your spell library was empty.

Dungeon Overview and Level Annotations

Branches:
Dungeon (1/1)

Altars:
Cheibriados
Dithmenos
Elyvilon
Fedhas
Gozag
Hepliaklqana
Makhleb
Nemelex Xobeh
Okawaru
Qazlal
Ru
Sif Muna
Trog
Wu Jian
Xom
Yredelemnul
Zin
The Shining One
Jiyva


Innate Abilities, Weirdness & Mutations

You have a pair of horns on your head.
You reflexively headbutt those who attack you in melee.


Message History

Trog accepts your kill.
Unknown command.
The frost giant hits you with a +1 battleaxe of freezing.
The frost giant freezes you.
The daeva hits you with a +2 eudemon blade of holy wrath!
The daeva barely misses you. The merfolk impaler misses you.
You see here a +3 shortbow of freezing.
You closely miss the daeva.
You headbutt the daeva, but do no damage.
You slash the frost giant!
Your executioner's axe of Minotaur's Death whistles innocently.
Your cyclops rages.
The frost giant hits you with a +1 battleaxe of freezing.
The merfolk impaler hits you but does no damage.
The daeva hits you with a +2 eudemon blade of holy wrath!!
* * * LOW HITPOINT WARNING * * *
The daeva hits you with a +2 eudemon blade of holy wrath.
* * * LOW HITPOINT WARNING * * *
The daeva blocks your attack.
You slash the frost giant!
The merfolk impaler hits you from afar with a +0 trident!
* * * LOW HITPOINT WARNING * * *
Unknown command.
You cut the daeva into ribbons!!!! Your headbutt misses the daeva.
The daeva is severely wounded.
You slash the frost giant! The frost giant closely misses you.
The frost giant hits your cyclops with a +1 battleaxe of freezing!!
The frost giant freezes your cyclops.
The daeva hits you with a +2 eudemon blade of holy wrath!!
* * * LOW HITPOINT WARNING * * *
The daeva hits you but does no damage.
Unknown command.
You chop the daeva into pieces!!!
You kill the daeva!
Trog accepts your kill.
You hit the frost giant. The merfolk impaler misses you.
Your cyclops barely misses the merfolk impaler.
Your Axes skill increases to level 25!
The merfolk impaler hits you but does no damage.
The frost giant hits you with a +1 battleaxe of freezing!
You die...

#..#....#..# #..........+
#..........+ ###''####''#
###''####''#########
#d.....##...........
#.#)##.##...........
#.#)Cm.##..#########
#d'@C#.##..# #.#.}+ ##..#
#++###########.+))# #..#
........##..## ##+# #..#
.#......##..# #..#
........''..# #..#
........''.)##########..#
.#......##.........)))..#
........##...).....))...#


You could see a frost giant, a white draconian, a merfolk impaler (ally target)
and a friendly cyclops (summoned, berserk).

Vanquished Creatures
  A daeva (D)
  Erolcha (D)
  A hydra (D)
  A two-headed ogre (D)
  An orc high priest (D)
  2 hell hogs (D)
  2 fire crabs (D)
  A skeletal warrior (D)
  2 shadow wraiths (D)
  3 sea snakes (D)
  A sixfirhy (D)
  A flayed ghost (D)
  2 deep elf pyromancers (D)
  A phantasmal warrior (D)
  A wolf spider (D)
  A manticore (D)
  An orange demon (D)
  A black mamba (D)
  A guardian serpent (D)
  3 kobold demonologists (D)
  3 unseen horrors (D)
  2 komodo dragons (D)
  A meliai (shapeshifter) (D)
  A merfolk (D)
  2 tyrant leeches (D)
  A tarantella (D)
  Prince Ribbit (D)
  A flying skull (D)
  A shadow (D)
  2 spriggans (D)
  A wraith (D)
  A steam dragon (D)
  Edmund (D)
  Duvessa (D)
  2 floating eyes (D)
  A black bear (D)
  2 sky beasts (D)
  3 orc warriors (D)
  A necrophage (D)
  A centaur (D)
  3 wolves (D)
  2 kobold brigands (D)
  3 scorpions (D)
  Dowan (D)
  2 jellies (D)
  2 iguanas (D)
  A hell rat (D)
  A gnoll (D)
  A river rat (D)
  An ufetubus (D)
  9 orcs (D)
  An endoplasm (D)
  A ball python (D)
  A ball python skeleton (D)
  A frilled lizard (D)
  A giant cockroach zombie (D)
  A jackal zombie (D)
  2 kobolds (D)
  A rat (D)
92 creatures vanquished.

Vanquished Creatures (collateral kills)
  A hell hog (D)
  4 skeletal warriors (D)
  A deep elf pyromancer (D)
  An acid dragon (D)
7 creatures vanquished.

Grand Total: 99 creatures vanquished

Notes
Turn   | Place    | Note
-------+----------+-------------------------------------------
     0 | D        | mhtbhm the Minotaur Berserker began the quest for the Orb.
     0 | D        | Reached XP level 1. HP: 19/19 MP: 0/0
    17 | D        | Reached skill level 4 in Axes
    90 | D        | Found a bloodstained altar of Trog.
    90 | D        | Found a shimmering blue altar of Sif Muna.
    90 | D        | Found a viscous altar of Jiyva.
    90 | D        | Found a hazy altar of Hepliaklqana.
    90 | D        | Found an opulent altar of Gozag.
    91 | D        | Found a glowing golden altar of the Shining One.
    91 | D        | Found a glowing silver altar of Zin.
    91 | D        | Found a basalt altar of Yredelemnul.
    91 | D        | Found a shimmering altar of Xom.
    91 | D        | Found an ornate altar of the Wu Jian Council.
    91 | D        | Found a sacrificial altar of Ru.
    91 | D        | Found a stormy altar of Qazlal.
    91 | D        | Found an iron altar of Okawaru.
    91 | D        | Found a sparkling altar of Nemelex Xobeh.
    91 | D        | Found a burning altar of Makhleb.
    91 | D        | Found a blossoming altar of Fedhas.
    91 | D        | Found a white marble altar of Elyvilon.
    91 | D        | Found a shadowy altar of Dithmenos.
    91 | D        | Found a snail-covered altar of Cheibriados.
   131 | D        | Reached skill level 5 in Axes
   131 | D        | Reached XP level 2. HP: 19/28 MP: 1/1
   234 | D        | Reached ** piety under Trog
   244 | D        | Reached skill level 5 in Fighting
   253 | D        | Reached *** piety under Trog
   342 | D        | Noticed a floating eye
   342 | D        | Noticed a floating eye
   344 | D        | Killed a floating eye
   344 | D        | Paralysed by a floating eye for 2 turns
   345 | D        | Reached skill level 8 in Axes
   345 | D        | Reached XP level 3. HP: 40/40 MP: 2/2
   345 | D        | Reached XP level 4. HP: 48/48 MP: 3/3
   349 | D        | Killed a floating eye
   350 | D        | Reached skill level 9 in Axes
   350 | D        | Reached skill level 5 in Dodging
   350 | D        | Reached XP level 5. HP: 56/57 MP: 4/4
   415 | D        | Noticed Duvessa
   416 | D        | Noticed an orc warrior
   416 | D        | Noticed a sky beast
   416 | D        | Noticed Dowan
   418 | D        | Reached **** piety under Trog
   424 | D        | Reached skill level 10 in Axes
   424 | D        | Killed Duvessa
   425 | D        | Reached skill level 10 in Fighting
   425 | D        | Reached skill level 11 in Axes
   425 | D        | Reached skill level 5 in Armour
   425 | D        | Reached XP level 6. HP: 67/67 MP: 5/5
   427 | D        | Reached ***** piety under Trog
   432 | D        | Killed a sky beast
   433 | D        | Reached skill level 12 in Axes
   433 | D        | Reached XP level 7. HP: 68/74 MP: 6/6
   440 | D        | Killed Dowan
   441 | D        | Reached skill level 13 in Axes
   560 | D        | Noticed a flying skull
   577 | D        | Killed a flying skull
   577 | D        | Received a gift from Trog
   770 | D        | Killed an unseen horror
   771 | D        | Reached skill level 14 in Axes
   771 | D        | Reached XP level 8. HP: 85/85 MP: 7/7
   862 | D        | Noticed Prince Ribbit
   862 | D        | Noticed an orange demon
   866 | D        | Killed a shadow wraith
   867 | D        | Reached skill level 15 in Axes
   870 | D        | Killed Prince Ribbit
   870 | D        | Reached ****** piety under Trog
   873 | D        | Killed an orange demon
   874 | D        | Reached skill level 16 in Axes
   874 | D        | Reached XP level 9. HP: 72/95 MP: 8/8
  1047 | D        | Noticed a sea snake
  1047 | D        | Noticed a deep elf pyromancer
  1058 | D        | Killed a sea snake
  1058 | D        | Received a gift from Trog
  1059 | D        | Reached skill level 17 in Axes
  1059 | D        | Reached skill level 10 in Armour
  1068 | D        | Killed a deep elf pyromancer
  1322 | D        | Noticed a five-headed hydra
  1322 | D        | Noticed a flayed ghost
  1333 | D        | Killed a flayed ghost
  1334 | D        | Reached skill level 15 in Fighting
  1334 | D        | Reached skill level 18 in Axes
  1336 | D        | Killed a 12-headed hydra
  1337 | D        | Reached XP level 10. HP: 56/107 MP: 9/9
  1595 | D        | Noticed a manticore
  1595 | D        | Noticed a phantasmal warrior
  1601 | D        | Received a gift from Trog
  1602 | D        | Reached skill level 10 in Dodging
  1602 | D        | Reached skill level 1 in Stealth
  1604 | D        | Killed a manticore
  1605 | D        | Reached skill level 19 in Axes
  1606 | D        | Received a gift from Trog
  1609 | D        | Killed a phantasmal warrior
  1661 | D        | Noticed a two-headed ogre
  1661 | D        | Noticed a skeletal warrior
  1662 | D        | Noticed a sea snake
  1662 | D        | Noticed a skeletal warrior
  1662 | D        | Noticed a skeletal warrior
  1662 | D        | Noticed a skeletal warrior
  1662 | D        | Noticed a skeletal warrior
  1662 | D        | Noticed a black mamba
  1666 | D        | Killed a two-headed ogre
  1667 | D        | Reached skill level 20 in Axes
  1667 | D        | Killed a sea snake
  1668 | D        | Killed a black mamba
  1668 | D        | Received a gift from Trog
  1668 | D        | Killed a skeletal warrior
  1669 | D        | Reached XP level 11. HP: 56/118 MP: 10/10
  1673 | D        | HP: 1/118 [poisoned by a black mamba]
  1678 | D        | Killed a skeletal warrior
  1679 | D        | Reached skill level 21 in Axes
  1680 | D        | Killed a skeletal warrior
  1687 | D        | Killed a skeletal warrior
  1695 | D        | Killed a skeletal warrior
  2061 | D        | Identified the +5 executioner's axe of Minotaur's Death
                  | {vorpal, *Noise Fly rElec rCorr} (Trog gifted it to you in
                  | the Dungeon)
  2061 | D        | Received a gift from Trog
  2064 | D        | Killed a shadow wraith
  2065 | D        | Reached skill level 22 in Axes
  2218 | D        | Noticed a sea snake
  2222 | D        | Killed a sea snake
  2225 | D        | Received a gift from Trog
  2379 | D        | Noticed Edmund
  2379 | D        | Noticed a deep elf pyromancer
  2386 | D        | Killed a deep elf pyromancer
  2391 | D        | Noticed a deep elf pyromancer
  2392 | D        | Killed Edmund
  2417 | D        | Killed a deep elf pyromancer
  2418 | D        | Reached skill level 23 in Axes
  2910 | D        | Noticed an orc high priest
  2916 | D        | Received a gift from Trog
  2926 | D        | Killed an orc high priest
  2926 | D        | Received a gift from Trog
  2927 | D        | Reached XP level 12. HP: 134/134 MP: 11/11
  3067 | D        | Noticed Erolcha
  3074 | D        | Killed Erolcha
  3502 | D        | Received a gift from Trog
  3503 | D        | Reached skill level 24 in Axes
  3598 | D        | Noticed a hell hog
  3598 | D        | Noticed a hell hog
  3598 | D        | Noticed a hell hog
  3598 | D        | Noticed a daeva
  3598 | D        | Noticed a white draconian
  3598 | D        | Noticed a frost giant
  3598 | D        | Noticed a merfolk impaler
  3602 | D        | Killed a hell hog
  3603 | D        | Reached skill level 15 in Armour
  3607 | D        | Killed a hell hog
  3607 | D        | Received a gift from Trog
  3607 | D        | Killed a hell hog
  3611 | D        | HP: 10/204 [daeva (18)]
  3612 | D        | Killed a daeva
  3613 | D        | Reached skill level 25 in Axes
  3613 | D        | Mangled by a frost giant

Illustrated notes

Levels and vault maps discovered:
D:        pitsprint [storerooms_1, entrance_room_1, metal_vault_3, armoury_3,
          mini_pit_1, grid_room_1, main_hall_1, silver_pit, the_coven_2,
          the_vestibule_1, steel_vault_4, golden_pit, hallway_of_sentries,
          crystal_vault_5, iron_vault_1, final_vault]

Skill      XL: |  1  2  3  4  5  6  7  8  9 10 11 12 |
---------------+-------------------------------------+-----
Fighting       | 4 7 9 10 11 12 14 15 17 20 21 | 21.6
Axes           | 5 8 9 11 12 14 16 18 20 23 25 | 25.1
Armour         | 4 5 7 9 11 13 14 15 | 15.2
Dodging        | 4 5 6 7 8 9 10 11 | 11.9
Stealth        | 1 2 3 |  3.9

Action                   |  1- 3 |  4- 6 |  7- 9 | 10-12 || total
-------------------------+-------+-------+-------+-------++-------
Melee: Hand axe          |    18 |    16 |    19 |       ||    53
       Headbutt          |     4 |     4 |    15 |    14 ||    37
       Battleaxe         |       |       |    48 |    28 ||    76
       Executioner's axe |       |       |       |    60 ||    60
Invok: Berserk           |       |       |     3 |     7 ||    10
       Brothers in Arms  |       |       |       |     3 ||     3
  Use: Potion            |       |     1 |       |     4 ||     5
       Scroll            |       |       |       |     1 ||     1
Armor: Animal skin       |     1 |       |       |       ||     1
       Chain mail        |       |     3 |    22 |       ||    25
       Ring mail         |       |       |    27 |    52 ||    79
Dodge: Dodged            |    14 |     7 |    40 |    72 ||   133

Table legend: (Time is in decaauts)
 A = Elapsed time spent in this place.
 B = Non-inter-level travel time spent in this place.
 C = Inter-level travel time spent in this place.
 D = Time resting spent in this place.
 E = Time spent auto-exploring this place.
 F = Levels seen in this place.
 G = Mean time per level.
                   A        B        C        D        E       F      G
               +--------+--------+--------+--------+--------+-----+--------+
         Total |   3648 |   3648 |      0 |   2566 |     23 |   1 | 3648.0 |
       Dungeon |   3648 |   3648 |      0 |   2566 |     23 |   1 | 3648.0 |
               +--------+--------+--------+--------+--------+-----+--------+

Top non-repeatable levels by time:
       D: 3648 daAuts
